 BcadrenCrawl: Boulder Brew version 0.06-744-gf22570f5e0 (webtiles) character file.

Game seed: 1248100656248299163

65 LabCoat the Skirmisher (level 4, -1/59 HPs) Hill Orc Fighter. Began on Mar 5, 2023. Slain by a sewer rat (2 damage) ... on level 2 of the Dungeon. The game lasted 00:07:15 (434 turns).

LabCoat the Skirmisher (Hill Orc Fighter)            Turns: 434, Time: 00:07:18

Health: -1/59      AC:  6    Str: 19    XL:     4 ^: 72
Magic:  4/4        EV:  8    Int:  8    God:
Gold:   0          SH:  7    Dex: 10    Spells: 3/3 levels left

rFire    + . .     Slash    .   a - +0 war axe
rCold    x . .     Pierce   .   c - +0 heater shield
rNeg     . . .     Bludgeon .   b - +0 scale mail
rCorr    + . .     Vision   .   (no helmet)
rPois    .         Gourm    .   (no cloak)
rElec    .         Faith    .   (no gloves)
MR       .....     Spirit   .   (no boots)
HPRegen  0.29/turn Reflect  .   (no amulet)
MPRegen  0.14/turn Harm     .   e - ring of resist corrosion
Stlth    ..........             i - ring of fire

@: no status effects
A: soft flesh
a: no special abilities


You were on level 2 of the Dungeon.
You were not hungry.

You visited 1 branch of the dungeon, and saw 2 of its levels.

Inventory:

Weapons
 a - a +0 war axe (weapon) Shields
 c - a +0 heater shield (shield)
Armour
 b - a +0 scale mail (worn)
Jewellery
 e - a ring of resist corrosion (left hand)
 i - a ring of fire (right hand)
 j - a cursed ring of positive energy {(Curse: MR-)}
Scrolls
 h - a scroll of teleportation
Miscellaneous
 d - an empty bottle
Comestibles
 f - a ration
 g - 4 chunks of flesh


   Skills:
 * Level 4.3 Fighting
 * Level 3.9 Axes & Hammers
 + Level 3.6 Armour
 + Level 0.7 Dodging
 + Level 3.6 Shields


You had 3 spell levels left.
You didn't know any spells.
Your spell library was empty.

Dungeon Overview and Level Annotations

Branches:
Dungeon (2/8)

Altars:


Innate Abilities, Weirdness & Mutations

((Your soft flesh is weak to deep cuts.
Heavy manmade armour will nullify this weakness. (rSlashing-)))


Message History

You block the sewer rat's attack. x2; The sewer rat bites you (3).
* * * LOW HITPOINT WARNING * * *
The sewer rat barely misses you.
The sewer rat bites you but does no damage.
The sewer rat bites the withered plant but does no damage.
The sewer rat closely misses you. The sewer rat bites you (2).
* * * LOW HITPOINT WARNING * * *
You hit the sewer rat but do no damage.
The sewer rat is heavily wounded. (7/12) HP You hit the sewer rat (1).
It is lacerated severely!
You barely miss the sewer rat. You hit the sewer rat (1).
It is lacerated severely!
You barely miss the sewer rat. The sewer rat barely misses you.
Something bites the withered plant (1).
It resists.
You block the sewer rat's attack.
The sewer rat bites the withered plant (2).
It resists.
The sewer rat bites you (2).
* * * LOW HITPOINT WARNING * * *
The sewer rat bites you (2).
You die...

≈≈≈≈≈≈PP≈
≈≈≈≈≈PPPP
≈≈≈≈≈≈≈P
PP≈≈≈≈≈P
P≈≈≈≈≈P
PP≈≈PP≈##
#rrP≈P≈..
#@rr≈P≈#
#rr..≈≈#
#P≈≈...#
#PP≈≈≈.#
≈≈≈≈.#
≈≈≈≈.#
≈≈≈≈≈#
≈≈≈≈≈#


You could see 6 sewer rats.

Vanquished Creatures
  3 sewer rats (D:2)
  2 cinder newts (D:1)
  4 dart slugs (D:1)
  3 goblins (D:1)
  3 hobgoblins (D:1)
  3 kobolds (D:1)
  A ball python (D:1)
  A bat (D:1)
  3 withered plants (D:2)
23 creatures vanquished.

Vanquished Creatures (others)
  A bush (D:1)
  3 withered plants (D:2)
4 creatures vanquished.

Grand Total: 27 creatures vanquished

Notes
Turn   | Place    | Note
-------+----------+-------------------------------------------
     0 | D:1      | LabCoat the Hill Orc Fighter began the quest for the Orb.
     0 | D:1      | Reached XP level 1. HP: 29/29 MP: 1/1
    54 | D:1      | Reached XP level 2. HP: 8/39 MP: 2/2
   303 | D:1      | Reached skill level 4 in Fighting
   325 | D:1      | Reached XP level 3. HP: 32/49 MP: 3/3
   432 | D:2      | Reached XP level 4. HP: 7/59 MP: 4/4
   434 | D:2      | HP: 1/59 [sewer rat (2)]
   434 | D:2      | Slain by a sewer rat

Illustrated notes

Levels and vault maps discovered:
D:1:      evilmike_arrival_rings, layout_cave_pools, minmay_hedge_maze,
          amethyst_killhole, minmay_tromino_v4_a
D:2:      layout_sewer, nicolae_overflow_hidden_temple, first_ration,
          minmay_misc_feat_four_crosses, nicolae_ru_sacrificial_ziggurat,
          uniq_ijyb, uniq_eustachio

Skill      XL: |  1  2 |
---------------+-------+-----
Axes & Hammers | 3 |  3.9
Fighting       | 4 |  4.3
Armour         | |  3.6
Dodging        | |  0.7
Shields        | |  3.6

Action                   |  1- 3 |  4- 6 || total
-------------------------+-------+-------++-------
Melee: War axe           |    40 |     2 ||    42
  Use: Potion            |     1 |       ||     1
Armor: Scale mail        |    25 |     3 ||    28
Dodge: Dodged            |     8 |     5 ||    13
Block: Heater shield     |    17 |     5 ||    22
